 Dungeon Crawl Stone Soup version 0.19.1 (webtiles) character file.

1964 sveltemanboy the Spear-Bearer (level 9, -1/61 HPs)
             Began as a Merfolk Ice Elementalist on Dec 20, 2016.
             Was an Initiate of Ashenzari.
             Hit by a tomahawk thrown by an orc warrior (7 damage)
             ... on level 7 of the Dungeon.
             The game lasted 00:25:39 (10559 turns).

sveltemanboy the Spear-Bearer (MfIE)               Turns: 10559, Time: 00:25:40

Health: -1/61      AC: 13    Str:  8    XL:     9   Next: 19%
Magic:  6/12       EV: 12    Int: 17    God:    Ashenzari [......]
Gold:   542        SH:  0    Dex: 15    Spells: 4 memorised, 2 levels left

rFire  x . .     SeeInvis .     z - +0 trident
rCold  + . .     Gourm    .     e - +0 leather armour
rNeg   . . .     Faith    .     (no shield)
rPois  .         Spirit   .     A - +0 helmet
rElec  .         Reflect  .     (no cloak)
rCorr  .         Harm     .     (no gloves)
MR     .....                    a - +1 pair of boots
Stlth  ++........               (no amulet)
                                x - ring of wizardry (curse)
                                r - ring of ice

@: icy armour, starving, drained, slow
A: change form in water, swift swim, stealthy swim
a: Curse Item, Renounce Religion


You were on level 7 of the Dungeon.
You worshipped Ashenzari.
Ashenzari was noncommittal.
You were starving.

You visited 2 branches of the dungeon, and saw 8 of its levels.

You collected 542 gold pieces.

Inventory:

Hand Weapons
 z - a +0 trident (weapon)
Armour
 a - a +1 pair of boots (worn)
 e - a +0 leather armour (worn)
 A - a +0 helmet (worn)
Jewellery
 r - a ring of ice (left hand)
 x - a cursed ring of wizardry (right hand)
Scrolls
 j - 3 scrolls of fear
 k - 2 scrolls of recharging
 q - 2 scrolls of amnesia
 v - 2 scrolls of teleportation
 w - a scroll of enchant weapon
 y - 4 scrolls of identify
 B - a scroll of blinking
Potions
 d - 2 potions of invisibility {unknown}
 g - a potion of resistance {unknown}
 i - 8 potions of curing {unknown}
 l - a potion of ambrosia {unknown}
 n - a potion of agility {unknown}
 t - a potion of berserk rage {unknown}
 u - a potion of haste {unknown}
Books
 b - a book of Frost

   Spells                             Type                      Level
   a - Freeze                         Ice                          1
   b - Throw Frost                    Conjuration/Ice              2
   c - Ozocubu's Armour               Charms/Ice                   3
   d - Throw Icicle                   Conjuration/Ice              4
   e - Summon Ice Beast               Ice/Summoning                4
Comestibles
 c - 7 bread rations
 f - 5 meat rations
 h - a royal jelly
 m - 9 fruits
 s - 6 beef jerkies


   Skills:
 - Level 2.1(1.6) Fighting
 * Level 10.9(10.3) Polearms
 - Level 2.6(2.2) Dodging
 - Level 2.1(1.7) Stealth
 - Level 2.0(1.5) Spellcasting
 - Level 1.0(0.5) Conjurations
 - Level 1.0(0.6) Charms
 - Level 1.1(0.6) Summonings
 + Level 9.5(9.0) Ice Magic


You had 2 spell levels left.
You knew the following spells:

 Your Spells              Type           Power        Failure   Level  Hunger
a - Freeze                Ice            ####         1%          1    ##.....
b - Throw Frost           Conj/Ice       ####..       3%          2    ###....
c - Ozocubu's Armour      Chrm/Ice       ####....     6%          3    ####...
d - Summon Ice Beast      Ice/Summ       ####....     19%         4    #####..


Dungeon Overview and Level Annotations

Branches:
Dungeon (7/15)             Temple (1/1) D:7

Altars:
Ashenzari
Cheibriados
Dithmenos
Elyvilon
Gozag
Hepliaklqana
Kikubaaqudgha
Makhleb
Nemelex Xobeh
Okawaru
Qazlal
Ru
Sif Muna
Trog
Uskayaw
Vehumet
Xom
Yredelemnul
Zin
The Shining One


Message History

You feel a surge of power! A film of ice covers your body!
You start resting.
An orc comes into view. It is wielding a short sword.
Items here: (( ) ? a tomahawk; an uncursed shortbow; 16 arrows; a scroll of identify You closely miss the orc warrior.
The orc shouts!
The orc warrior hits you with a short sword!
You hit the orc warrior but do no damage.
The orc warrior hits you with a short sword!
You hit the orc warrior but do no damage.
The orc warrior throws a tomahawk.
The tomahawk closely misses you.
Casting: Ozocubu's Armour
Confirm with . or Enter, or press ? or * to list all spells.
You feel a surge of power! A chill wind blows around you.
You are starving!
The orc warrior throws a tomahawk.
The tomahawk hits you!
* * * LOW HITPOINT WARNING * * *
The orc warrior throws a tomahawk.
The tomahawk hits you!
You die...

....#####.#..# #.#
##### #.#.# ##..#
#.#
#.#.#######.#######
#.# ########
#.................#
#.# #.......
............#####.#
#.# #.######
###........o...o#.#
#.# #.#
########..###(#.#
#.# #.# #..#
#(#.###.# #.# ...#
#.@#.##.# #.# ##.##
#Y###...# #.# #.#
##.#.#### #.# #.#
##.########.#
#..........#
############


You could see an orc warrior and a friendly ice beast.

Vanquished Creatures
  Eustachio (D:6)
  A water moccasin (D:5)
  An ice beast (D:5)
  A centaur (D:7)
  5 bullfrogs
  A water moccasin zombie (D:5)
  A scorpion (D:5)
  A wight (D:6)
  A howler monkey (D:7)
  A crimson imp (D:6)
  2 jellies
  A bullfrog zombie (D:6)
  A bullfrog skeleton (D:4)
  A hound (D:5)
  4 orc priests
  2 orc wizards
  An iguana (D:5)
  5 worker ants
  A hound zombie (D:4)
  Robin (D:2)
  13 adders
  2 shadow imps
  2 oozes
  An adder skeleton (D:7)
  2 worms
  2 dart slugs (D:2)
  7 leopard geckos
  13 orcs
  2 bats
  7 giant cockroaches
  14 goblins
  13 hobgoblins
  6 jackals (D:5)
  7 kobolds
  5 quokkas
  A ball python (D:1)
  5 frilled lizards
  A leopard gecko skeleton (D:4)
  2 leopard gecko zombies
  A quokka zombie (D:5)
  7 rats
146 creatures vanquished.

Vanquished Creatures (collateral kills)
  A hippogriff (D:7)
  2 wights (D:6)
  2 orc priests (D:7)
  A centaur skeleton (D:6)
  An orc (D:7)
7 creatures vanquished.

Vanquished Creatures (others)
  A goblin (D:2)
  4 toadstools (D:1)
5 creatures vanquished.

Grand Total: 158 creatures vanquished

Notes
Turn   | Place    | Note
-------+----------+-------------------------------------------
     0 | D:1      | sveltemanboy the Merfolk Ice Elementalist began the quest for the Orb.
     0 | D:1      | Reached XP level 1. HP: 13/13 MP: 3/3
   391 | D:1      | Reached XP level 2. HP: 7/19 MP: 0/5
   709 | D:1      | Learned a level 2 spell: Throw Frost
   736 | D:1      | Reached skill level 1 in Conjurations
  1217 | D:2      | Reached XP level 3. HP: 24/24 MP: 0/6
  1622 | D:2      | Noticed Robin
  2159 | D:2      | Reached skill level 5 in Ice Magic
  2159 | D:2      | Reached XP level 4. HP: 21/30 MP: 0/7
  2817 | D:2      | Found a sparkling altar of Nemelex Xobeh.
  3242 | D:2      | Found a hazy altar of Hepliaklqana.
  3987 | D:3      | Learned a level 3 spell: Ozocubu's Armour
  4590 | D:2      | Killed Robin
  4590 | D:2      | Reached XP level 5. HP: 24/35 MP: 4/8
  4911 | D:3      | Found a radiant altar of Vehumet.
  5125 | D:4      | Reached skill level 1 in Charms
  5236 | D:4      | Reached skill level 1 in Polearms
  5247 | D:4      | Reached skill level 2 in Polearms
  5258 | D:4      | Reached XP level 6. HP: 33/41 MP: 1/9
  5380 | D:4      | Reached skill level 3 in Polearms
  5729 | D:4      | Reached skill level 4 in Polearms
  5926 | D:4      | Found a deep blue altar of Sif Muna.
  6313 | D:5      | Entered Level 5 of the Dungeon
  6383 | D:5      | Reached XP level 7. HP: 31/46 MP: 4/10
  6615 | D:5      | Reached skill level 5 in Polearms
  6717 | D:5      | Found a white marble altar of Elyvilon.
  6954 | D:5      | Found a shimmering altar of Xom.
  7019 | D:5      | Found a stormy altar of Qazlal.
  7161 | D:5      | Reached skill level 6 in Polearms
  7266 | D:5      | Learned a level 4 spell: Summon Ice Beast
  7561 | D:5      | Reached skill level 7 in Polearms
  7561 | D:5      | Reached skill level 1 in Summonings
  7561 | D:5      | Reached XP level 8. HP: 40/52 MP: 2/11
  7654 | D:6      | Found a glowing drain.
  7737 | D:6      | Found a shadowy altar of Dithmenos.
  8010 | D:6      | Reached skill level 1 in Fighting
  8010 | D:6      | Reached skill level 8 in Polearms
  8510 | D:6      | Noticed Eustachio
  8529 | D:6      | Killed Eustachio
  8699 | D:6      | Reached skill level 9 in Polearms
  8969 | D:7      | Found a staircase to the Ecumenical Temple.
  8972 | D:7      | Noticed a hippogriff
  9539 | D:7      | Reached skill level 10 in Polearms
  9539 | D:7      | Reached XP level 9. HP: 61/61 MP: 0/12
  9568 | Temple   | Entered the Ecumenical Temple
 10327 | D:7      | Found an ancient bone altar of Kikubaaqudgha.
 10328 | D:7      | Found a shattered altar of Ashenzari.
 10335 | D:7      | Became a worshipper of Ashenzari the Shackled
 10559 | D:7      | Hit by a tomahawk thrown by an orc warrior

Skill      XL: |  1  2  3  4  5  6  7  8 |
---------------+-------------------------+-----
Ice Magic      | 4 5 6 7 8 9 |  9.5
Conjurations   | 1 |  1.0
Charms         | 1 |  1.0
Polearms       | 2 4 7 10 | 10.9
Summonings     | 1 |  1.1
Fighting       | 2 |  2.1
Dodging        | |  2.6
Stealth        | |  2.1
Spellcasting   | |  2.0

Action                   |  1- 3 |  4- 6 |  7- 9 || total
-------------------------+-------+-------+-------++-------
Melee: Whip              |    28 |    86 |    21 ||   135
       Unarmed           |     1 |       |       ||     1
       Dagger            |       |       |    34 ||    34
       Trident           |       |       |   171 ||   171
 Cast: Freeze            |    33 |    88 |    62 ||   183
       Throw Frost       |    10 |    10 |    31 ||    51
       Ozocubu's Armour  |       |     4 |    10 ||    14
       Summon Ice Beast  |       |       |     7 ||     7
Invok: Curse Item        |       |       |     1 ||     1
  Use: Scroll            |     6 |     4 |     3 ||    13
 Stab: Sleeping          |       |     3 |       ||     3
       Distracted        |       |       |     2 ||     2
  Eat: Chunk             |     5 |    16 |    17 ||    38
       Fruit             |       |       |     1 ||     1
Armor: Robe              |     5 |       |       ||     5
       Leather armour    |     1 |    48 |    91 ||   140
Dodge: Dodged            |    37 |    90 |   143 ||   270
